← All builds
Suicide front / Armada / Factory first / OBSERVED BUILD

Standard suicide front

Armada Suicide front build order · Supreme Isthmus

The role's baseline: Bot Lab at 0:21 then straight into reclaim-fed T1 bot production to contest the middle and hold until T2 arrives, with an Advanced Metal Extractor around 9:45.

#rush · 2028 distinct matches · 233 players · 72% of Armada Suicide front games · team won 59% of 2406 · Recently observed

HOW TO PLAY IT

Key timing: Bot Lab by 0:20

  1. Open with mex and lab-first to get Bot Lab up by 0:20.
  2. Expand mex and wind while lab pumps units toward middle.
  3. Push Sentry and early Rocketeer, Centurion to contest middle.
  4. Get T2 constructor out once Pond's boost lets you spare metal.
  5. Upgrade mex to Advanced Metal Extractor as you transition off T1 spam.

Phase by phase

TYPICAL OF ITS 2028 GAMES
  1. 1
  2. 2
  3. 3
PLAY THE OPENING

Follow the example game's first 6:00 step by step: what to build now, what comes next, and where it goes. At 1× it keeps pace with your own game.

  1. 1

    Bot Lab first

    Order
    1. Bot LabBot Lab done ~0:24, middle half 0:20–0:33

    Some games also: mex (44%)

  2. 2

    Bot Lab to 5:00

    Economy
    • Metal Extractor5Mex
    • Wind Turbine4Wind
    Builders
    • Construction Bot3 Con bot
    • Lazarus2 Lazarus
    Army
    • Sentry4 Sentry
    • Rocketeer16 Rocketeer
    • Tick2 Tick
    • Centurion1 Centurion
    Other
    • Radar Tower1 Radar Tower

    Some games also: pawn (38%) · con turret (34%)

    By 5:00 in all: 5 mex · 4 wind

    The example game in this phase · 45 steps
    1. PawnPawn
    2. Mex ×2
    3. LazarusLazarus
    4. SentrySentry
    5. Construction BotCon bot
    6. CenturionCenturion
    7. Mex
    8. CenturionCenturion
    9. SentrySentry
    10. Construction BotCon bot
    11. SentrySentry
    12. Mex
    13. Construction BotCon bot
    14. SentrySentry
    15. Mex
    16. LazarusLazarus
    17. Dragon's TeethDragon's Teeth ×3
    18. RocketeerRocketeer
    19. SentrySentry
    20. Wind
    21. Dragon's TeethDragon's Teeth
    22. RocketeerRocketeer
    23. Dragon's TeethDragon's Teeth ×2
    24. Wind
    25. Dragon's TeethDragon's Teeth
    26. RocketeerRocketeer
    27. Wind
    28. SentrySentry
    29. RocketeerRocketeer ×2
    30. Wind
    31. LazarusLazarus
    32. RocketeerRocketeer
    33. SentrySentry
    34. RocketeerRocketeer
    35. Wind
    36. RocketeerRocketeer ×2
    37. Wind
    38. RocketeerRocketeer
    39. Construction BotCon bot
    40. LazarusLazarus ×2
    41. Wind
    42. Con turret
    43. Construction BotCon bot
    44. SentrySentry
    45. CenturionCenturion
  3. 3

    5:00 to 10:00

    Economy
    • Metal Extractor1Mex
    • Wind Turbine15Wind
    Builders
    • Construction Turret2 Con turret
    • Lazarus2 Lazarus
    • Construction Bot1 Con bot
    Army
    • Sentry1 Sentry
    • Rocketeer8 Rocketeer

    Some games also: pawn (49%) · Radar Tower (46%) · tick (45%) · centurion (44%) · energy storage (42%) · eat Bot Lab (31%)

    By 10:00 in all: 6 mex · 21 wind · 1 energy storage · 2 con turret

    The example game in this phase · 211 steps
    1. Wind
    2. CenturionCenturion
    3. Radar TowerRadar Tower
    4. Energy storage
    5. BeamerBeamer
    6. CenturionCenturion
    7. Construction BotCon bot
    8. RocketeerRocketeer ×2
    9. SentrySentry
    10. RocketeerRocketeer
    11. Con turret
    12. Wind
    13. Con turret
    14. RocketeerRocketeer
    15. Wind
    16. RocketeerRocketeer
    17. LazarusLazarus
    18. Wind ×2
    19. LazarusLazarus
    20. Wind
    21. LazarusLazarus
    22. SentrySentry
    23. Wind ×2
    24. LazarusLazarus
    25. Wind
    26. BeholderBeholder
    27. Wind
    28. Construction BotCon bot
    29. PawnPawn
    30. Wind
    31. PawnPawn
    32. Wind
    33. PawnPawn
    34. Con turret ×2
    35. SentrySentry
    36. Wind
    37. PawnPawn
    38. Vehicle PlantVehicle Plantdone 8:19
    39. SentrySentry
    40. PawnPawn
    41. Wind
    42. PawnPawn
    43. Wind
    44. PawnPawn ×2
    45. Wind
    46. PawnPawn ×2
    47. Wind
    48. BlitzBlitz
    49. Wind
    50. PawnPawn
    51. BlitzBlitz
    52. SentrySentry
    53. Wind
    54. PawnPawn
    55. BlitzBlitz
    56. PawnPawn
    57. BlitzBlitz
    58. PawnPawn
    59. Con turret
    60. BlitzBlitz
    61. Wind
    62. PawnPawn
    63. BlitzBlitz ×2
    64. Wind
    65. PawnPawn
    66. BlitzBlitz
    67. Wind
    68. PawnPawn
    69. Wind
    70. BlitzBlitz
    71. Wind ×2
    72. SentrySentry
    73. PawnPawn
    74. Wind
    75. BeamerBeamer
    76. BlitzBlitz
    77. Wind
    78. SentrySentry
    79. Wind ×2
    80. Converter
    81. PawnPawn
    82. Wind
    83. BeamerBeamer
    84. Energy storage
    85. Converter
    86. Wind ×3
    87. Advanced Metal ExtractorT2 mexdone 11:29 · typical 9:46
    88. Converter
    89. Wind
    90. TickTick
    91. Converter
    92. TickTick
    93. Wind ×2
    94. TickTick
    95. Converter
    96. Wind
    97. TickTick
    98. Wind
    99. Converter
    100. TickTick
    101. Wind ×2
    102. TickTick
    103. Wind
    104. Advanced Metal ExtractorT2 mex
    105. Converter
    106. TickTick
    107. Wind
    108. TickTick
    109. Wind
    110. TickTick
    111. Wind
    112. Converter
    113. TickTick
    114. Wind ×2
    115. TickTick
    116. Wind
    117. Converter
    118. TickTick
    119. Wind
    120. TickTick
    121. Wind
    122. TickTick
    123. Wind
    124. TickTick ×3
    125. Wind
    126. Advanced Metal ExtractorT2 mex
    127. TickTick
    128. Wind ×2
    129. LazarusLazarus
    130. Wind ×4
    131. PawnPawn ×2
    132. Wind
    133. PawnPawn
    134. Wind
    135. PawnPawn
    136. Wind
    137. Advanced Metal ExtractorT2 mex
    138. PawnPawn
    139. BlitzBlitz
    140. Wind
    141. PawnPawn
    142. BlitzBlitz
    143. Wind
    144. PawnPawn
    145. BlitzBlitz
    146. Con turret
    147. PawnPawn
    148. Wind
    149. PawnPawn
    150. Wind ×2
    151. PawnPawn
    152. LazarusLazarus
    153. Wind
    154. BlitzBlitz
    155. Wind
    156. BlitzBlitz
    157. PawnPawn
    158. Wind
    159. BlitzBlitz
    160. Wind
    161. PawnPawn
    162. BlitzBlitz
    163. PawnPawn
    164. Wind
    165. BlitzBlitz
    166. PawnPawn
    167. Wind
    168. BlitzBlitz
    169. PawnPawn
    170. Con turret
    171. Wind
    172. Con turret
    173. BlitzBlitz
    174. Wind
    175. Advanced Metal ExtractorT2 mex
    176. BlitzBlitz
    177. Wind
    178. PawnPawn
    179. Con turret
    180. PawnPawn ×2
    181. Con turret
    182. BlitzBlitz ×2
    183. PawnPawn ×2
    184. BlitzBlitz
    185. Wind
    186. LazarusLazarus
    187. BlitzBlitz
    188. Wind
    189. PawnPawn
    190. BlitzBlitz
    191. PawnPawn
    192. Wind
    193. BlitzBlitz
    194. PawnPawn
    195. BlitzBlitz
    196. PawnPawn
    197. Wind
    198. PawnPawn
    199. BlitzBlitz
    200. Wind
    201. Construction BotCon bot
    202. BlitzBlitz
    203. Wind
    204. BlitzBlitz
    205. Construction BotCon bot
    206. Wind
    207. BlitzBlitz
    208. PawnPawn
    209. BlitzBlitz
    210. Wind
    211. PawnPawn

Counts are medians over the build's games: half of them build more, half fewer. The example game is HALF_DALLAH_HABIT's (33 OS, 04/10/2026); pick another.

Team trades

IN AT LEAST 30% OF ITS GAMES

You hand over

Nothing regular.

You get

  • Tidal Generator4 Tidal from Pondfirst at 0:10 · in 68% of games
  • Advanced Construction Bot1 T2 con bot from Geo or Techfirst at 7:41 · in 57% of games

How it plays out

Typical game of this build, running totals by minute

Metal produced

010k20k
0:005:0010:0015:00

metal

Enemy metal destroyed

05k10k
0:005:0010:0015:00

metal

Own metal lost

05k10k
0:005:0010:0015:00

metal

2406 games.

Show as table
ByMetal produced: This buildEnemy metal destroyed: This buildOwn metal lost: This build
1:0023000
2:0088700
3:002008184130
4:003109645501
5:00418413531000
6:00534721831707
7:00654330512589
8:00776039363499
9:00904646894375
10:001041253125161
11:001188958585966
12:001357864076686
13:001539668767455
14:001729675048213
15:001925281069007
WHAT THE NUMBERS SAY

Standard Suicide front play wins a bit over half its games while taking the heaviest own losses of any role by 15:00.

  • + Produces 20142 metal by 15:00, highest of the front roles.
  • + First kill by 2:01 in all games, fastest contest of middle.
  • − Own metal lost hits 9178 by 15:00, more than enemy metal destroyed.
  • − Only 34% Rocketeer share shows army spread thin across many bot types.
THE EXAMPLE YOU ARE READING

HALF_DALLAH_HABIT

32.8 OS · 04/10/2026

Open source match ↗

5 received units · includes a constructor
124 metal received · 17123 energy received

Allied construction assistance is unknown. Timings are observations, not a promise of solo reproducibility.

Typical milestones

Bot Lab0:24Middle 50%: 0:20–0:33 · n=2398
Advanced Metal Extractor9:46Middle 50%: 8:50–10:58 · n=1738

Played most by

_X_262games of this buildPlatinumBlonde188games of this buildXad166games of this buildTrapCaT109games of this buildSoliloqueur81games of this build